AoeStats
← Do Not Flush

Arabia

509979800Analyzed
1v1 RM · 4d ago on Sep 28, 2026· 24m 30s· 2 players
Game mode
Random Map
Map size
Tiny (2 player)
Population
200
Speed
Normal
Resources
Standard
Victory
Conquest
Starting age
Dark Age
Ending age
Imperial Age
RankedLock teamsTeams togetherTeam positionsShared explorationLock speedFull tech treeHidden civsTurbo modeCheats
Victory
Defeat
🇮🇹 Franks · Italy
1192
+15
🇬🇧 Tupi · United Kingdom
1172
-15
Do Not Flush
11:24 Feudal Age
12:25 Loom
13:50 Double-Bit Axe
16:48 Horse Collar
19:58 Castle Age
18:52 Scale Mail Armor
19:04 Gold Mining
20:16 Forging
21:20 Bow Saw
21:37 Squires
23:14 Wheelbarrow
Rothrak
6:13 Loom
8:52 Feudal Age
7:09 Loom
19:05 Castle Age
17:43 Scale Barding Armor
17:48 Forging
19:26 Forging
Connection lost

Rejoining the realm…

Still unreachable

The connection could not be restored.

Session expired

The server has moved on; the page needs a fresh start.